 Dungeon Crawl Stone Soup version 0.30.1-11-g7821555f0a (webtiles) character file.

Game seed: 6508776437910735658

47 KittyFluff the Trooper (level 3, -2/34 HPs)
             Began as a Gargoyle Berserker on Nov 1, 2023.
             Was a Believer of Trog.
             Slain by Sigmund
             ... wielding a +0 scythe
              (8 damage)
             ... on level 2 of the Dungeon.
             The game lasted 00:06:23 (1576 turns).

KittyFluff the Trooper (Gargoyle Berserker)         Turns: 1576, Time: 00:06:23

Health: -2/34      AC:  5    Str: 22    XL:     3   Next: 70%
Magic:  3/3        EV: 11    Int:  7    God:    Trog [**....]
Gold:   83         SH:  3    Dex:  9    Spells: 2/2 levels left

rFire   . . .        a - +0 mace
rCold   + . .        h - +0 buckler
rNeg    + . .        b - +0 animal skin
rPois   ∞            (no helmet)
rElec   +            (no cloak)
rCorr   .            (no gloves)
SInv    .            (no boots)
Will    .....        (no amulet) Stlth
                     g - ring of protection from cold
HPRegen 0.25/turn    (no ring)
MPRegen 0.08/turn

%: no passive effects
@: berserking, very quick
A: sickness immunity, AC +3, negative energy resistance 1, electricity
resistance, torment resistance 1, petrification resistance
a: Renounce Religion, Berserk, Trog's Hand


You were on level 2 of the Dungeon.
You worshipped Trog.
Trog was pleased with you.
You visited 1 branch of the dungeon, and saw 2 of its levels.

You collected 83 gold pieces.

Inventory:

Hand Weapons
 a - a +0 mace (weapon)
 i - a +0 sling
Missiles
 c - 6 poisoned darts (quivered)
Armour
 b - a +0 animal skin (worn)
 h - a +0 buckler (worn)
Jewellery
 g - a ring of protection from cold (left hand)
Scrolls
 f - a scroll of enchant armour {unknown}
 j - a scroll of fear {unknown}
Potions
 d - 2 potions of degeneration {unknown}
 e - a potion of attraction {unknown}
 k - 2 potions of brilliance {unknown}
 l - a potion of heal wounds {unknown}
 m - a potion of curing {unknown}


   Skills:
 + Level 3.6 Fighting
 * Level 3.5 Maces & Flails
 * Level 3.0 Armour
 + Level 1.9 Dodging
 + Level 0.2 Shields


You had 2 spell levels left.
You didn't know any spells.
Your spell library was empty.

Dungeon Overview and Level Annotations

Branches:
Dungeon (2/15)

Altars:

Annotations:
D:2 Sigmund


Innate Abilities, Weirdness & Mutations

You are immune to sickness and miasma.
Your stone body is resilient. (AC +3)
You are immune to poison.
You resist negative energy. (rN+)
You are resistant to electric shocks. (rElec)
You are resistant to unholy torment.
You are immune to petrification.


Message History

The hobgoblin shouts!
An adder comes into view.
The adder hisses angrily.
You thump the hobgoblin!
You kill the hobgoblin!
Trog accepts your kill. You block the adder's attack.
You closely miss the adder.
Sigmund the Dreaded comes into view.
He is wielding a +0 scythe.
The adder closely misses you.
You barely miss the adder. The adder completely misses you.
The adder closely misses you.
You closely miss the adder.
Sigmund shouts!
The adder bites you but does no damage.
Sigmund mumbles some strange words.
Sigmund flickers and vanishes!
Deactivating autopickup; reactivate with Ctrl-A.
The adder misses you.
You barely miss the adder. The adder barely misses you.
You closely miss the adder. The adder bites you. The adder misses you.
You miss the adder. The adder closely misses you. Something hits you.
The adder bites you but does no damage.
You miss the adder. The adder misses you. Something hits you.
You closely miss the adder. The adder barely misses you.
The adder bites you but does no damage. Something hits you.
You closely miss the adder. The adder closely misses you.
The adder bites you but does no damage.
You closely miss the adder. Something hits you but does no damage.
The adder bites you but does no damage.
A red film seems to cover your vision as you go berserk!
You feel yourself moving faster!
You feel mighty! The adder bites you but does no damage.
Something hits you but does no damage. The adder bites you but does no damage.
You miss the adder. The adder barely misses you.
You closely miss the adder. Something hits you!
* * * LOW HITPOINT WARNING * * *
The adder barely misses you.
You closely miss the adder. The adder barely misses you. Something hits you!
You die...

######## #######
#......# ##......
#.####.# #..... # #.
##.###..####.#.# #.
#.......@S{....# #.
#..###..###.......
#. #..# #..# ....###
#.###..###.... ....#
#.......######...###
#.....#.# .##
#....##.# .#
#.......# .#
###)#####


You could see an adder.

Vanquished Creatures
  A worm (D:2)
  2 dart slugs
  3 ball pythons
  5 bats (D:1)
  An endoplasm (D:1)
  2 giant cockroaches
  7 goblins
  6 hobgoblins
  2 jackals (D:1)
  2 frilled lizards (D:1)
  A rat (D:2)
32 creatures vanquished.

Notes
Turn   | Place    | Note
-------+----------+-------------------------------------------
     0 | D:1      | KittyFluff the Gargoyle Berserker began the quest for the
                  | Orb.
     0 | D:1      | Reached XP level 1. HP: 14/14 MP: 1/1
   176 | D:1      | Reached XP level 2. HP: 19/19 MP: 2/2
   704 | D:1      | Reached XP level 3. HP: 23/23 MP: 3/3
  1517 | D:2      | Reached ** piety under Trog
  1563 | D:2      | Noticed Sigmund
  1576 | D:2      | Slain by Sigmund

Illustrated notes

Levels and vault maps discovered:
D:1:      eino_arrival_cavern_d, layout_loops_corners,
          chequers_serial_rivers_small_a, columned_hall_lemuel
D:2:      minmay_diamond_boxcup, layout_loops_corners,
          chequers_decorated_corner, uniq_sigmund, uniq_jessica

Skill      XL: |  1  2  3 |
---------------+----------+-----
Armour         | 3 |  3.0
Fighting       | |  3.6
Maces & Flails | |  3.5
Dodging        | |  1.9
Shields        | |  0.2

Action                     || total
---------------------------++-------
  Melee: Mace              ||   107
         Punch             ||     1
 Invoke: Berserk           ||     1
   Stab: Sleeping          ||     1
 Armour: Animal skin       ||    43
  Dodge: Dodged            ||    69
  Block: Buckler           ||     6
